 Dungeon Crawl Stone Soup version 0.18.1-50-g88ac8fd (webtiles) character file.

52843 Peloso the Peltast (level 14, 0/127 HPs)
             Began as a Minotaur Fighter on Sept 23, 2016.
             Was the Champion of Okawaru.
             Slain by a black mamba (6 damage)
             ... on level 8 of the Lair of Beasts.
             The game lasted 01:09:54 (22207 turns).

Peloso the Peltast (Minotaur Fighter)              Turns: 22207, Time: 01:09:55

Health: 0/127      AC: 24    Str: 28    XL:     14   Next: 28%
Magic:  2/4        EV:  2    Int:  5    God:    Okawaru [******]
Gold:   1551       SH:  0    Dex: 14    Spells: 0 memorised, 13 levels left

rFire  + . .     SeeInvis .     z - +5 demon blade of Refis {antimagic, rElec}
rCold  + . .     Gourm    .     F - +1 plate armour
rNeg   + + +     Faith    .     c - +0 shield
rPois  ∞         Spirit   .     (helmet restricted)
rElec  +         Dismiss  .     (no cloak)
rCorr  .         Reflect  .     S - +2 pair of gloves of the Dragon {rF+}
SustAt .         Harm     .     V - +0 pair of boots {Fly}
MR     +....                    (no amulet)
Stlth  ..........               s - ring of protection from cold
                                W - +6 ring of strength

@: lethally poisoned (0 -> 0), petrified, heroism, flying, somewhat resistant to
hostile enchantments, extremely unstealthy
A: retaliatory headbutt, horns 2
a: Heroism, Finesse, Renounce Religion, Stop Flying


You were on level 8 of the Lair of Beasts.
You worshipped Okawaru.
Okawaru was exalted by your worship.
You were not hungry.

You visited 3 branches of the dungeon, and saw 20 of its levels.
You also visited: Sewer and Ice Cave.

You collected 1622 gold pieces.
You spent 71 gold pieces at shops.

Inventory:

Hand Weapons
 a - a +1 long sword
 k - a +1 short sword of flaming
 x - a +5 falchion of draining
 z - the +5 demon blade of Refis (weapon) {antimagic, rElec}
   (You found it on level 7 of the Lair of Beasts)

   It disrupts the flow of magical energy around spellcasters and certain
   magical creatures (including the wielder).
   It insulates you from electricity.
 O - a +3 scimitar of freezing
Armour
 c - a +0 shield (worn)
 F - a +1 plate armour (worn)
 S - the +2 pair of gloves of the Dragon (worn) {rF+}
   (Okawaru gifted it to you on level 3 of the Lair of Beasts)

   It protects you from fire.
 V - a +0 pair of boots of flying (worn)
Jewellery
 s - a ring of protection from cold (right hand)
 H - an uncursed ring of ice
 J - an uncursed ring of fire
 L - an uncursed ring of ice
 M - an uncursed ring of protection from cold
 W - a +6 ring of strength (left hand)
Wands
 j - a wand of flame (34/48)
 C - a wand of paralysis (15/24)
 E - a wand of acid (4/15)
 K - a wand of digging (5/24)
 P - a wand of acid (7/15)
 R - a wand of hasting (3/9)
 U - a wand of iceblast (5/15)
Scrolls
 e - a scroll of silence
 h - 3 scrolls of enchant armour
 i - 8 scrolls of identify
 l - 3 scrolls of teleportation
 q - 3 scrolls of blinking
 r - 4 scrolls of recharging
 t - 2 scrolls of fog
 v - 13 scrolls of remove curse
 y - 7 scrolls of enchant weapon
 B - 5 scrolls of magic mapping
 Q - a scroll of fear
Potions
 d - 3 potions of might
 m - 9 potions of curing
 p - a potion of brilliance
 u - 3 potions of agility
 G - 3 potions of resistance
 X - a potion of invisibility
 Z - 4 potions of heal wounds
Books
 b - a book of Death

   Spells                             Type                      Level
   a - Corpse Rot                     Necromancy                   2
   b - Sublimation of Blood           Necromancy                   2
   c - Agony                          Necromancy                   5
   d - Dispel Undead                  Necromancy                   5
   e - Excruciating Wounds            Charms/Necromancy            5
   f - Bolt of Draining               Conjuration/Necromancy       5
 n - a book of Enchantments

   Spells                             Type                      Level
   a - Cause Fear                     Hexes                        4
   b - Yara's Violent Unravelling     Hexes/Transmutation          5
   c - Silence                        Hexes/Air                    5
   d - Deflect Missiles               Charms/Air                   6
   e - Haste                          Charms                       6
   f - Discord                        Hexes                        8
 o - a book of Misfortune

   Spells                             Type                      Level
   a - Confusing Touch                Hexes                        2
   b - Confuse                        Hexes                        3
   c - Gell's Gravitas                Hexes/Translocation          3
   d - Petrify                        Transmutation/Earth          4
   e - Metabolic Englaciation         Hexes/Ice                    5
   f - Yara's Violent Unravelling     Hexes/Transmutation          5
 I - a book of Ice

   Spells                             Type                      Level
   a - Ice Form                       Ice/Transmutation            4
   b - Metabolic Englaciation         Hexes/Ice                    5
   c - Ozocubu's Refrigeration        Ice                          6
   d - Bolt of Cold                   Conjuration/Ice              6
   e - Freezing Cloud                 Conjuration/Ice/Air          6
   f - Simulacrum                     Ice/Necromancy               6
Comestibles
 f - 19 bread rations
 g - 3 slices of pizza
 w - 2 fruits
 A - 3 royal jellies
 D - 8 chunks of flesh
 N - 4 meat rations
 T - 5 beef jerkies


   Skills:
 + Level 12.7(17.7) Fighting
 + Level 1.8(14.0) Short Blades
 + Level 14.3(19.4) Long Blades
 + Level 13.2(18.2) Armour
 + Level 5.7(10.7) Dodging
 + Level 2.1(7.1) Stealth
 + Level 17.0(22.0) Shields
 + Level 2.0 Invocations


You had 13 spell levels left.
You didn't know any spells.

Dungeon Overview and Level Annotations

Branches:
Dungeon (11/15)            Temple (1/1) D:6            Lair (8/8) D:11
  Swamp (0/4) Lair:4        Snake (0/4) Lair:6        Slime (0/6) Lair:7
    Orc: D:9-12

Altars:
Ashenzari
Cheibriados
Dithmenos
Elyvilon
Fedhas
Gozag
Kikubaaqudgha
Makhleb
Nemelex Xobeh
Okawaru
Pakellas
Qazlal
Ru
Sif Muna
Trog
Vehumet
Xom
Yredelemnul
Zin
The Shining One

Shops:
D:3 }   D:11 ?


Innate Abilities, Weirdness & Mutations

You reflexively headbutt those who attack you in melee.
You have a pair of horns on your head.


Message History

* * * LOW HITPOINT WARNING * * *
The black mamba bites you but does no damage.
You are engulfed in calcifying dust.
The catoblepas gores you!
* * * LOW HITPOINT WARNING * * *
The black mamba bites you!
* * * LOW HITPOINT WARNING * * *
You are engulfed in calcifying dust.
The black mamba bites you but does no damage.
The catoblepas gores you!!
* * * LOW HITPOINT WARNING * * *
The black mamba bites you but does no damage.
The black mamba bites you but does no damage.
The catoblepas gores you but does no damage.
The black mamba bites you but does no damage.
The black mamba bites you!
* * * LOW HITPOINT WARNING * * *
The catoblepas gores you but does no damage.
The black mamba bites you but does no damage.
The black mamba bites you!
You die...

...##P....#...####.#.###.........
...##.....#...######## ##...[....
....##....#.###P.#### #....†...
...###P.......#.....# ##....†...
.#.# #..............####.........
.### ##...............##.........
.### #.#P...#.......P###........
...# ##.##.P#####....###..#...P.
..## ##*####.S@......##........
...# *******#.Y##....P#.........
...# **,,,,*,#..$#.....#.........
..## *,,,,,,*####.....##.........
.##***,,,,,,,***,...#.###........
##,,***,,,,,,*,,,.Y#### #........
,,,,,***,,,,,,,,..#S,,*##........
,,,,,****,,,*,*,,..D.,*#.........
,,,,,,,***,,,,,,,.#,..*#.........


You could see a catoblepas and a black mamba.

Vanquished Creatures
  A frost giant (IceCv)
  6 hydras
  A fire crab (Lair:7)
  5 hill giants
  Pikel (D:7)
  An oklob plant (Lair:5)
  2 manticores
  A cyclops (D:10)
  3 elephants
  6 black mambas
  Psyche (D:9)
  12 spiny frogs
  2 ice statues
  12 komodo dragons
  3 rime drakes
  An ice devil (Lair:5)
  2 trolls (D:10)
  20 polar bears
  Prince Ribbit (D:6)
  A two-headed ogre (D:8)
  12 blink frogs
  A wraith (D:10)
  2 wyverns
  3 basilisks
  66 yaks
  Grum (D:9)
  3 hungry ghosts
  6 hippogriffs
  A steam dragon (D:10)
  Edmund (D:5)
  3 nagas (Lair:6)
  10 water moccasins
  8 porcupines
  2 slaves (D:7)
  8 ice beasts
  5 orc warriors
  3 black bears
  A phantom (D:9)
  A sky beast (D:7)
  An eye of draining (D:6)
  A wasp (D:9)
  4 centaurs
  2 ogres
  A necrophage (D:7)
  21 wolves
  17 crocodiles
  The ghost of GFox the Covert, an amateur SpAs (D:3)
  20 giant frogs
  2 wyvern skeletons
  6 scorpions
  6 killer bees (D:11)
  3 wights (D:11)
  3 electric eels
  4 howler monkeys (D:11)
  A centaur zombie (D:5)
  6 crimson imps
  14 hounds
  2 jellies
  A quasit (D:10)
  A giant frog zombie (D:11)
  6 orc wizards
  3 orc priests
  8 iguanas
  6 worker ants
  3 sheep (D:10)
  A killer bee zombie (D:9)
  A hound zombie (D:6)
  2 hound skeletons
  A howler monkey skeleton (D:8)
  5 gnolls
  7 adders
  82 river rats
  A shadow imp (D:6)
  2 white imps (Lair:5)
  17 oozes
  2 adder skeletons
  An adder zombie (D:9)
  2 worms
  2 dart slugs
  17 giant geckos
  19 orcs
  5 bats
  13 giant cockroaches
  7 goblins
  9 hobgoblins
  10 jackals
  8 kobolds
  2 quokkas
  12 ball pythons
  A giant gecko skeleton (D:5)
  10 giant newts
  A quokka skeleton (D:5)
  9 rats
611 creatures vanquished.

Vanquished Creatures (others)
  A hound zombie (D:7)
  An orc (D:7)
  4 fungi
  12 plants
18 creatures vanquished.

Grand Total: 629 creatures vanquished

Notes
Turn   | Place    | Note
--------------------------------------------------------------
     0 | D:1      | Peloso the Minotaur Fighter began the quest for the Orb.
     0 | D:1      | Reached XP level 1. HP: 19/19 MP: 0/0
   249 | D:1      | Reached XP level 2. HP: 26/26 MP: 1/1
   628 | D:1      | Reached skill level 4 in Shields
   782 | D:1      | You fall through a shaft!
   850 | D:2      | Reached XP level 3. HP: 29/33 MP: 2/2
  1470 | D:3      | Found an oddly glowing altar of Pakellas.
  1470 | D:3      | Found Pakellas's Prime Provisions.
  1526 | D:3      | Found a deep blue altar of Sif Muna.
  1526 | D:3      | Found a stormy altar of Qazlal.
  1528 | D:3      | Found an opulent altar of Gozag.
  1746 | D:3      | Noticed GFox's ghost (amateur SpAs)
  1756 | D:3      | Killed GFox's ghost
  1756 | D:3      | Reached XP level 4. HP: 32/40 MP: 3/3
  1949 | D:3      | Reached XP level 5. HP: 46/46 MP: 4/4
  1951 | D:3      | Reached skill level 5 in Shields
  2091 | D:3      | Found a shattered altar of Ashenzari.
  2211 | D:3      | Found a blossoming altar of Fedhas.
  2473 | D:4      | Reached skill level 1 in Dodging
  2619 | D:4      | Found a white marble altar of Elyvilon.
  2649 | D:4      | Reached skill level 5 in Armour
  3098 | D:5      | Entered Level 5 of the Dungeon
  3137 | D:5      | Reached XP level 6. HP: 40/55 MP: 5/5
  3182 | D:5      | Found a radiant altar of Vehumet.
  3249 | D:5      | Found a glowing drain.
  3264 | Sewer    | Entered a sewer
  3416 | Sewer    | Reached skill level 5 in Fighting
  3639 | Sewer    | Reached skill level 6 in Shields
  3647 | Sewer    | Reached XP level 7. HP: 61/61 MP: 6/6
  4062 | D:5      | Noticed Edmund
  4078 | D:5      | Killed Edmund
  4181 | D:5      | Reached skill level 5 in Long Blades
  4181 | D:5      | Reached skill level 7 in Shields
  4202 | D:5      | Reached XP level 8. HP: 50/68 MP: 7/7
  4594 | D:6      | Found a bloodstained altar of Trog.
  4632 | D:6      | Reached skill level 8 in Shields
  4757 | D:6      | Found a radiant altar of Vehumet.
  4807 | D:6      | Found a staircase to the Ecumenical Temple.
  4817 | Temple   | Entered the Ecumenical Temple
  5413 | D:6      | Found a glowing golden altar of the Shining One.
  5413 | D:6      | Found an iron altar of Okawaru.
  5414 | D:6      | Found a basalt altar of Yredelemnul.
  5422 | D:6      | Became a worshipper of Warmaster Okawaru
  5582 | D:7      | Reached skill level 9 in Shields
  5659 | D:7      | Found an ancient bone altar of Kikubaaqudgha.
  5758 | D:7      | Noticed Pikel
  5934 | D:7      | Noticed a hill giant
  5979 | D:7      | Killed a hill giant
  5979 | D:7      | Reached * piety under Okawaru
  5979 | D:7      | Reached XP level 9. HP: 18/75 MP: 8/8
  6301 | D:7      | Killed Pikel
  6301 | D:7      | Reached ** piety under Okawaru
  6301 | D:7      | Reached skill level 10 in Shields
  6316 | D:7      | Noticed Prince Ribbit
  6529 | D:6      | Killed Prince Ribbit
  6864 | D:7      | Found a sacrificial altar of Ru.
  7447 | D:8      | Reached XP level 10. HP: 74/85 MP: 9/9
  7978 | D:8      | Reached *** piety under Okawaru
  8309 | D:9      | Reached skill level 11 in Shields
  8327 | D:9      | Found a shimmering altar of Xom.
  8497 | D:9      | Noticed Grum
  8500 | D:9      | Reached skill level 10 in Armour
  8530 | D:9      | Killed Grum
  8940 | D:9      | Reached **** piety under Okawaru
  9013 | D:9      | Noticed Psyche
  9032 | D:9      | Killed Psyche
  9176 | D:10     | Entered Level 10 of the Dungeon
  9216 | D:10     | Noticed a cyclops
  9226 | D:10     | Killed a cyclops
  9226 | D:10     | Reached skill level 12 in Shields
  9239 | D:10     | Reached skill level 1 in Stealth
  9438 | D:10     | Noticed a hill giant
  9449 | D:10     | Killed a hill giant
  9449 | D:10     | Reached ***** piety under Okawaru
  9449 | D:10     | Reached XP level 11. HP: 95/95 MP: 7/10
  9534 | D:10     | Found a stormy altar of Qazlal.
 10100 | D:11     | Reached skill level 10 in Long Blades
 10108 | D:11     | Noticed a six-headed hydra
 10500 | D:11     | Killed a six-headed hydra
 10500 | D:11     | Reached skill level 13 in Shields
 10500 | D:11     | Reached skill level 1 in Invocations
 10771 | D:11     | Found Yshriuwer's Magic Scroll Shop.
 10772 | D:11     | Noticed a hill giant
 10786 | D:11     | Killed a hill giant
 10954 | D:11     | Bought a scroll of identify for 26 gold pieces
 10954 | D:11     | Bought a scroll of magic mapping for 45 gold pieces
 11153 | D:11     | Reached skill level 1 in Short Blades
 11315 | D:11     | Found a staircase to the Lair.
 11500 | D:11     | Noticed a hill giant
 11518 | D:11     | Killed a hill giant
 11530 | D:11     | Noticed a hill giant
 11549 | D:11     | Killed a hill giant
 11872 | Lair:1   | Entered Level 1 of the Lair of Beasts
 12228 | Lair:1   | Noticed an eight-headed hydra
 12249 | Lair:1   | Killed an eight-headed hydra
 12407 | Lair:1   | Reached skill level 10 in Fighting
 12669 | Lair:1   | Reached XP level 12. HP: 64/106 MP: 11/11
 13234 | Lair:1   | Reached skill level 14 in Shields
 13726 | Lair:2   | Noticed a seven-headed hydra
 13733 | Lair:2   | Killed a seven-headed hydra
 14101 | Lair:2   | Reached ****** piety under Okawaru
 14955 | Lair:3   | Received a gift from Okawaru
 14958 | Lair:3   | Got a pair of smoking gloves {god gift}
 14964 | Lair:3   | Identified the +2 pair of gloves of the Dragon {rF+} (Okawaru gifted it to you on level 3 of the Lair of Beasts)
 15398 | Lair:4   | Found a staircase to the Swamp.
 16586 | Lair:5   | Reached skill level 15 in Shields
 16776 | Lair:5   | Identified a scroll of acquirement
 16939 | Lair:5   | Found a bloodstained altar of Trog.
 17254 | Lair:5   | Identified the Grimoire of the Rocks and Hexes (You found it on level 5 of the Lair of Beasts)
 17449 | Lair:5   | Reached XP level 13. HP: 83/116 MP: 10/13
 18061 | Lair:6   | Found a staircase to the Snake Pit.
 18873 | Lair:7   | Found a staircase to the Slime Pits.
 18894 | Lair:7   | Reached skill level 5 in Dodging
 18931 | Lair:7   | Received a gift from Okawaru
 19488 | Lair:7   | Reached skill level 16 in Shields
 20254 | Lair:7   | Got a crystal demon blade
 20255 | Lair:7   | Identified the +5 demon blade of Refis {antimagic, rElec} (You found it on level 7 of the Lair of Beasts)
 20266 | Lair:8   | Entered Level 8 of the Lair of Beasts
 20383 | Lair:8   | Found a frozen archway.
 20415 | IceCv    | Entered an ice cave
 20845 | IceCv    | Received a gift from Okawaru
 21370 | IceCv    | Noticed a frost giant
 21382 | IceCv    | Killed a frost giant
 21382 | IceCv    | Reached XP level 14. HP: 125/127 MP: 2/14
 22187 | Lair:8   | Reached skill level 17 in Shields
 22206 | Lair:8   | HP: 6/127 [black mamba (5)]
 22207 | Lair:8   | Slain by a black mamba

Skill      XL: |  1  2  3  4  5  6  7  8  9 10 11 12 13 14 |
---------------+-------------------------------------------+-----
Armour         | 4 5 6 8 9 10 11 12 13 | 13.2
Shields        | 4 5 6 7 9 10 12 13 15 16 17 | 17.0
Fighting       | 4 5 6 7 8 10 11 12 | 12.7
Long Blades    | 3 4 5 6 8 9 10 12 13 14 | 14.3
Dodging        | 1 2 3 4 5 |  5.7
Stealth        | 1 2 |  2.1
Invocations    | 1 2 |  2.0
Short Blades   | 1 |  1.8

Action                   |  1- 3 |  4- 6 |  7- 9 | 10-12 | 13-15 || total
-------------------------+-------+-------+-------+-------+-------++-------
Melee: Long sword        |   110 |   227 |   381 |  1137 |   168 ||  2023
       Headbutt          |    13 |    35 |    80 |   296 |   201 ||   625
       Short sword       |       |       |       |    45 |    27 ||    72
       Demon blade       |       |       |       |       |   371 ||   371
       Falchion          |       |       |       |       |   104 ||   104
Invok: Heroism           |       |       |     2 |    28 |     4 ||    34
       Finesse           |       |       |       |     1 |       ||     1
  Use: Scroll            |       |       |    17 |    12 |     1 ||    30
       Potion            |       |       |     1 |     1 |       ||     2
 Stab: Paralysed         |       |       |     1 |       |       ||     1
  Eat: Chunk             |     3 |     6 |    12 |    31 |    17 ||    69
       Pizza             |       |       |     1 |       |       ||     1
       Fruit             |       |       |       |     4 |     1 ||     5
Armor: Scale mail        |    54 |    23 |       |       |       ||    77
       Plate armour      |       |   118 |   195 |   491 |   268 ||  1072
       Chain mail        |       |     3 |       |       |       ||     3
Dodge: Dodged            |    23 |    52 |    78 |   358 |   194 ||   705
Block: Shield            |    60 |   139 |   213 |   832 |   450 ||  1694
